 Dungeon Crawl Stone Soup version 0.25-a0-474-ga8a2ee3166 (webtiles) character file.

Game seed: 12503675782831456223, levelgen mode: deterministic

221 vurker the Charmwright (level 5, 0/43 HPs)
             Began as a Gnoll Skald on Feb 7, 2020.
             Slain by an orc (2 damage)
             ... on level 5 of the Dungeon.
             The game lasted 00:03:42 (2678 turns).

vurker the Charmwright (Gnoll Skald)                Turns: 2678, Time: 00:03:43

Health: 0/43       AC:  6    Str: 14    XL:     5   Next: 98%
Magic:  9/12       EV: 14    Int: 16    God:
Gold:   125        SH:  0    Dex: 14    Spells: 8/14 levels left

rFire    . . .     SeeInvis .   a - +0 spear
rCold    . . .     Gourm    .   (no shield)
rNeg     . . .     Faith    .   b - +0 leather armour
rPois    .         Spirit   .   f - +1 helmet
rElec    .         Reflect  .   j - +0 cloak
rCorr    .         Harm     .   (no gloves)
MR       .....                  (no boots)
Stlth    ++........             (no amulet)
HPRegen  0.14/turn              (no ring)
MPRegen  0.13/turn              (no ring)

@: no status effects
A: distributed training, fangs 1, strong nose
a: no special abilities


You were on level 5 of the Dungeon.
You were not hungry.

You visited 1 branch of the dungeon, and saw 4 of its levels.

You collected 125 gold pieces.

Inventory:

Hand Weapons
 a - a +0 spear (weapon)
Armour
 b - a +0 leather armour (worn)
 f - a +1 helmet (worn)
   (You found it on level 1 of the Dungeon)
 j - a +0 cloak (worn)
   (You found it on level 2 of the Dungeon)
Scrolls
 c - a scroll of enchant weapon {unknown}
 d - 3 scrolls of identify {unknown}
Potions
 g - a potion of haste {unknown}
 h - a potion of curing {unknown}
 i - a potion of degeneration {unknown}
 l - a potion of might {unknown}
 m - a potion of heal wounds {unknown}
Comestibles
 e - 5 rations
 k - 7 chunks of flesh


   Skills:
 + Level 4.8 Fighting
 + Level 1.6 Short Blades
 + Level 1.6 Long Blades
 + Level 1.6 Axes
 + Level 1.6 Maces & Flails
 + Level 4.8 Polearms
 + Level 1.6 Staves
 + Level 1.6 Slings
 + Level 1.6 Bows
 + Level 1.6 Crossbows
 + Level 1.6 Throwing
 + Level 3.1 Armour
 + Level 4.8 Dodging
 + Level 1.6 Stealth
 + Level 1.6 Shields
 + Level 1.6 Unarmed Combat
 + Level 5.2 Spellcasting
 + Level 1.3 Conjurations
 + Level 1.3 Hexes
 + Level 5.6 Charms
 + Level 1.3 Summonings
 + Level 1.3 Necromancy
 + Level 1.3 Translocations
 + Level 1.3 Transmutations
 + Level 1.3 Fire Magic
 + Level 1.3 Ice Magic
 + Level 1.3 Air Magic
 + Level 1.3 Earth Magic
 + Level 1.3 Poison Magic
 + Level 1.9 Invocations
 + Level 1.6 Evocations


You had 8 spell levels left.
You knew the following spells:

 Your Spells              Type           Power        Failure   Level  Hunger
a - Infusion              Chrm           ###.         1%          1    None
b - Song of Slaying       Chrm           ###.....     2%          2    #......
c - Spectral Weapon       Hex/Chrm       ###.....     13%         3    ###....

Your spell library contained the following spells:

 Spells                   Type           Power        Failure   Level  Hunger
 Shroud of Golubria       Chrm/Tloc      ###...       7%          2    #......
 Ozocubu's Armour         Chrm/Ice       ###.....     13%         3    ###....


Dungeon Overview and Level Annotations

Branches:
Dungeon (5/15)
 Temple: D:4-7

Altars:

Shops:
D:5 (


Innate Abilities, Weirdness & Mutations

Your experience applies equally to all skills.
You have very sharp teeth.
Your uncanny sense of smell can sniff out nearby items.


Message History

An orc comes into view. It is wielding a +0 trident.
The howler monkey barely misses you.
You hit the howler monkey.
You kill the howler monkey!
An adder comes into view.
Attack whom?
Aim: an orc priest, wielding a +0 dagger and wearing a +0 leather armour You reach to attack!
You barely miss the orc priest.
The orc priest invokes the aid of Beogh against you.
Beogh smites you!
You hear a shout!
Attack whom?
Aim: an orc priest, wielding a +0 dagger and wearing a +0 leather armour You reach to attack!
You hit the orc priest. The orc closely misses you.
You hit the orc priest.
You bite the orc priest, but do no damage.
The orc priest hits you but does no damage.
You closely miss the orc priest.
You bite the orc priest, but do no damage.
The orc barely misses you.
The orc priest hits you with a +0 dagger.
An orc comes into view.
You barely miss the orc priest.
The orc hits you from afar with a +0 trident.
The orc priest barely misses you.
You hit the orc priest. The orc closely misses you.
The orc priest closely misses you.
You hit the orc priest. You closely miss the orc priest.
The orc closely misses you.
The orc priest mumbles some strange prayers to Beogh against you.
You barely resist.
You hit the orc priest but do no damage.
The orc priest hits you with a +0 dagger.
* * * LOW HITPOINT WARNING * * *
The orc hits you from afar with a +0 trident.
* * * LOW HITPOINT WARNING * * *
The orc misses you.
You draw out your weapon's spirit!
An orc wizard comes into view. It is wielding a -2 dagger.
The orc priest barely misses you. The orc barely misses you. The orc hits you.
* * * LOW HITPOINT WARNING * * *
You hit the orc priest but do no damage.
Your spectral weapon closely misses the orc priest.
The orc priest mumbles some strange prayers to Beogh against you.
Beogh smites you!
* * * LOW HITPOINT WARNING * * *
The orc hits you from afar with a +0 trident.
* * * LOW HITPOINT WARNING * * *
The orc hits you.
You die...

#. #.# #.# #.####
#.oo.# #...o#####
#...o@(..#...<.
#.....##..?....
#.###.# .....
###.# #.## <#.#
#...# #..##...#
##.#.####.....#
#8.8.8........#
#.⌠.⌠..##...#....
#8.∩.8...)### ##.


You could see an orc priest, an orc wizard, 2 orcs and a friendly spectral +0
spear.

Vanquished Creatures
  2 howler monkeys (D:5)
  A human zombie (D:5)
  5 adders (D:2)
  A worm (D:2)
  A dart slug (D:1)
  3 leopard geckos
  2 orcs
  4 giant cockroaches
  11 goblins
  11 hobgoblins
  4 jackals (D:1)
  2 quokkas (D:2)
  A ball python (D:1)
  2 bats
  2 frilled lizards
  A jackal skeleton (D:5)
  4 kobolds (D:1)
57 creatures vanquished.

Notes
Turn   | Place    | Note
-------+----------+-------------------------------------------
     0 | D:1      | vurker the Gnoll Skald began the quest for the Orb.
     0 | D:1      | Reached XP level 1. HP: 20/20 MP: 6/6
   189 | D:1      | Reached XP level 2. HP: 20/26 MP: 7/7
  1111 | D:2      | Learned a level 2 spell: Song of Slaying
  1136 | D:2      | Reached XP level 3. HP: 30/31 MP: 9/9
  1182 | D:2      | Reached skill level 5 in Spellcasting
  1316 | D:2      | Reached skill level 1 in Invocations
  1347 | D:2      | Reached skill level 1 in Short Blades
  1347 | D:2      | Reached skill level 1 in Long Blades
  1347 | D:2      | Reached skill level 1 in Axes
  1347 | D:2      | Reached skill level 1 in Maces & Flails
  1347 | D:2      | Reached skill level 1 in Staves
  1347 | D:2      | Reached skill level 1 in Slings
  1347 | D:2      | Reached skill level 1 in Bows
  1347 | D:2      | Reached skill level 1 in Crossbows
  1347 | D:2      | Reached skill level 1 in Throwing
  1347 | D:2      | Reached skill level 1 in Stealth
  1347 | D:2      | Reached skill level 1 in Shields
  1347 | D:2      | Reached skill level 1 in Unarmed Combat
  1347 | D:2      | Reached skill level 1 in Evocations
  1355 | D:2      | Reached XP level 4. HP: 21/38 MP: 11/11
  2070 | D:2      | Reached skill level 1 in Conjurations
  2070 | D:2      | Reached skill level 1 in Hexes
  2070 | D:2      | Reached skill level 1 in Summonings
  2070 | D:2      | Reached skill level 1 in Necromancy
  2070 | D:2      | Reached skill level 1 in Translocations
  2070 | D:2      | Reached skill level 1 in Transmutations
  2070 | D:2      | Reached skill level 1 in Fire Magic
  2070 | D:2      | Reached skill level 1 in Ice Magic
  2070 | D:2      | Reached skill level 1 in Air Magic
  2070 | D:2      | Reached skill level 1 in Earth Magic
  2070 | D:2      | Reached skill level 1 in Poison Magic
  2075 | D:2      | Learned a level 3 spell: Spectral Weapon
  2513 | D:3      | You fall into a shaft and drop 2 floors!
  2513 | D:5      | Entered Level 5 of the Dungeon
  2523 | D:5      | Reached XP level 5. HP: 42/43 MP: 12/12
  2524 | D:5      | Found Tymyqo's Weapon Shop.
  2678 | D:5      | HP: 2/43 [orc/+0 trident (2)]
  2678 | D:5      | Slain by an orc

Levels and vault maps discovered:
D:1:      dpeg_arrival_water_fire, layout_basic
D:2:      layout_basic, first_ration
D:3:      wander_river, layout_basic, ebering_ghost_reflecting_pool,
          kennysheep_okawaru_gauntlet
D:5:      layout_rooms, serial_shops,
          nicolae_shop_temple_entry_statues_fountains, dk_yredelemnul_ordeal

Skill      XL: |  1  2  3  4  5 |
---------------+----------------+-----
Spellcasting   | 5 |  5.2
Invocations    | 1 |  1.9
Short Blades   | 1 |  1.6
Long Blades    | 1 |  1.6
Axes           | 1 |  1.6
Maces & Flails | 1 |  1.6
Staves         | 1 |  1.6
Slings         | 1 |  1.6
Bows           | 1 |  1.6
Crossbows      | 1 |  1.6
Throwing       | 1 |  1.6
Stealth        | 1 |  1.6
Shields        | 1 |  1.6
Unarmed Combat | 1 |  1.6
Evocations     | 1 |  1.6
Conjurations   | 1 |  1.3
Hexes          | 1 |  1.3
Summonings     | 1 |  1.3
Necromancy     | 1 |  1.3
Translocations | 1 |  1.3
Transmutations | 1 |  1.3
Fire Magic     | 1 |  1.3
Ice Magic      | 1 |  1.3
Air Magic      | 1 |  1.3
Earth Magic    | 1 |  1.3
Poison Magic   | 1 |  1.3
Armour         | 3 |  3.1
Fighting       | |  4.8
Polearms       | |  4.8
Dodging        | |  4.8
Charms         | |  5.6

Action                   |  1- 3 |  4- 6 || total
-------------------------+-------+-------++-------
Melee: Spear             |   114 |   134 ||   248
       Bite              |     9 |    15 ||    24
 Cast: Spectral Weapon   |       |     2 ||     2
 Stab: Sleeping          |     2 |     1 ||     3
  Eat: Chunk             |     1 |     5 ||     6
Armor: Leather armour    |    17 |    15 ||    32
Dodge: Dodged            |    56 |    60 ||   116

Table legend:
 A = Non-vault XP
 B = Vault XP
 C = Vault XP percentage of total XP
 D = Non-vault monster count
 E = Vault monster count
 F = Vault count percentage of total count
                 A         B        C        D         E       F
            +---------+---------+-------+---------+---------+-------
      Total |     271 |      46 |  14.5 |      55 |       2 |   3.5
            +---------+---------+-------+---------+---------+-------
        D:1 |      33 |       0 |   0.0 |      18 |       0 |   0.0
        D:2 |     110 |       0 |   0.0 |      26 |       0 |   0.0
        D:3 |      12 |       0 |   0.0 |       6 |       0 |   0.0
        D:5 |     116 |      46 |  28.4 |       5 |       2 |  28.6
            +---------+---------+-------+---------+---------+-------
